 Dungeon Crawl Stone Soup version 0.29.0-13-gc9e81de378 (webtiles) character file.

Game seed: 12949869564834460029

40 Daunt the Cudgeller (level 3, -3/21 HPs)
             Began as a Gargoyle Gladiator on Sept 7, 2022.
             Slain by a gnoll bouda
             ... wielding a +0 club
              (10 damage)
             ... on level 2 of the Dungeon.
             The game lasted 00:02:08 (1274 turns).

Daunt the Cudgeller (Gargoyle Gladiator)            Turns: 1274, Time: 00:02:09

Health: -3/21      AC:  7    Str: 19    XL:     3   Next: 50%
Magic:  3/3        EV: 12    Int:  8    God:
Gold:   125        SH:  0    Dex: 11    Spells: 2/2 levels left

rFire   . . .      SeeInvis .   a - +0 flail
rCold   . . .      Faith    .   (no shield)
rNeg    + . .      Spirit   .   b - +0 leather armour
rPois   ∞          Reflect  .   c - +0 helmet
rElec   +          Harm     .   (no cloak)
rCorr   .          Rampage  .   (no gloves)
Will    .....                   (no boots)
Stlth   +.........              (no amulet)
HPRegen 0.07/turn               (no ring)
MPRegen 0.08/turn               (no ring)

@: no status effects
A: sickness immunity, AC +3, negative energy resistance 1, electricity
resistance, torment resistance 1, petrification resistance
a: no special abilities


You were on level 2 of the Dungeon.
You visited 1 branch of the dungeon, and saw 2 of its levels.

You collected 125 gold pieces.

Inventory:

Hand Weapons
 a - a +0 flail (weapon)
Missiles
 d - 3 throwing nets
 e - a javelin
 g - 6 poisoned darts (quivered)
 m - 14 stones
Armour
 b - a +0 leather armour (worn)
 c - a +0 helmet (worn)
Scrolls
 h - a scroll of vulnerability {unknown}
 j - 2 scrolls of teleportation {unknown}
 k - a scroll of immolation {unknown}
 l - a scroll of enchant armour {unknown}
 n - a scroll of fear {unknown}
Potions
 f - a potion of curing
 i - a potion of might {unknown}


   Skills:
 - Level 2.1 Fighting
 + Level 4.4 Maces & Flails
 - Level 1.7 Throwing
 - Level 2.4 Dodging


You had 2 spell levels left.
You didn't know any spells.
Your spell library was empty.

Dungeon Overview and Level Annotations

Branches:
Dungeon (2/15)

Altars:
Ru


Innate Abilities, Weirdness & Mutations

You are immune to sickness and miasma.
Your stone body is resilient. (AC +3)
You are immune to poison.
You resist negative energy. (rN+)
You are resistant to electric shocks. (rElec)
You are resistant to unholy torment.
You are immune to petrification.


Message History

The gnoll bouda is healed somewhat.
You completely miss the gnoll bouda.
The gnoll bouda is heavily wounded.
The gnoll bouda hits you with a +0 club.
* * * LOW HITPOINT WARNING * * *
Unknown command.
You barely miss the gnoll bouda.
The gnoll bouda is heavily wounded.
Your attacks no longer feel as feeble.
The gnoll bouda prays to its god.
The gnoll bouda is healed somewhat.
The gnoll bouda hits you with a +0 club.
* * * LOW HITPOINT WARNING * * *
It was a potion of curing.
You feel better.
The gnoll bouda gazes fiercely through you!
You feel your attacks grow feeble.
The gnoll bouda hits you with a +0 club.
Okay, then.
Unknown command.
You barely miss the gnoll bouda.
The gnoll bouda is moderately wounded.
The gnoll bouda hits you but does no damage.
You hit the gnoll bouda.
The gnoll bouda is heavily wounded.
The gnoll bouda hits you with a +0 club.
You hit the gnoll bouda but do no damage.
The gnoll bouda is heavily wounded.
The gnoll bouda prays to its god.
The gnoll bouda is healed somewhat.
You hit the gnoll bouda but do no damage.
The gnoll bouda is moderately wounded.
Your attacks no longer feel as feeble.
The gnoll bouda hits you with a +0 club.
* * * LOW HITPOINT WARNING * * *
You feel better. The gnoll bouda misses you.
You closely miss the gnoll bouda.
The gnoll bouda is moderately wounded.
The gnoll bouda closely misses you.
The gnoll bouda hits you with a +0 club!
You die...

........# .. ..#.....##
#.#..# #.#......# ##
.(..)# #.#....#.# .#
.....# #.#....#.# .#
.#...# ##.#....#.#
###.#...#.### ..........#
#....#...[... .......####
###g......# #........##
##.@...#..##
#.........####.#.#.....#
#........##.###.#..#...#
#........###..##..#....#
#........# ###)........#
....############)#...#....
........................##
....#†...#.#.#.....######
#.#................#


You could see a gnoll bouda.

Vanquished Creatures
  A worm (D:2)
  A dart slug (D:1)
  4 bats
  3 endoplasms
  6 goblins
  4 hobgoblins
  2 quokkas
  4 ball pythons
  4 frilled lizards
  A kobold (D:1)
  2 rats
32 creatures vanquished.

Notes
Turn   | Place    | Note
-------+----------+-------------------------------------------
     0 | D:1      | Daunt the Gargoyle Gladiator began the quest for the Orb.
     0 | D:1      | Reached XP level 1. HP: 12/12 MP: 1/1
    26 | D:1      | Found a faded altar of an unknown god.
   145 | D:1      | Reached XP level 2. HP: 15/17 MP: 2/2
   631 | D:1      | Reached skill level 4 in Maces & Flails
   766 | D:1      | Reached XP level 3. HP: 21/21 MP: 3/3
   827 | D:2      | Found a sacrificial altar of Ru.
  1272 | D:2      | HP: 1/21 [gnoll bouda/+0 club (6)]
  1274 | D:2      | Slain by a gnoll bouda

Illustrated notes

Levels and vault maps discovered:
D:1:      tarquinn_simple_flora_water_f, layout_loops_ring,
          shapermc_ecumenical_altar_totnotflames, nicolae_figureground_pulse
D:2:      layout_basic, basic_altar, minmay_increasing_density

Skill      XL: |  1  2 |
---------------+-------+-----
Maces & Flails | 4 |  4.4
Fighting       | |  2.1
Throwing       | |  1.7
Dodging        | |  2.4

Action                   || total
-------------------------++-------
Melee: Flail             ||   116
Throw: Dart              ||     1
  Use: Potion            ||     2
 Stab: Sleeping          ||     1
Armor: Leather armour    ||    50
Dodge: Dodged            ||    72
